Map: Tourmaline LE

Players

HeroMarine - Winner!

  • Race: Terran Terran
  • Spawn Location: 1:00

Zoun

  • Race: Protoss Protoss
  • League: Master
  • Spawn Location: 7:00

VOD

Have the link to the VOD?

Description

Time

  • Played on: Feb. 1, 2026, 8:16 a.m.
  • Length: 8:10
Show
View Real Time Build Order
Export as new Build Order

HeroMarine Terran - Winner!

Build Orders: Banshee Rush 

Get SALT Encoding   

  12  0:00  SCV  
  13  0:12  SCV  
  14  0:16  Supply Depot  
  14  0:24  SCV  
  15  0:38  SCV  
  15  0:39  Barracks  
  16  0:43  Refinery  
  16  0:50  SCV  
  16  0:52  Refinery  
  17  1:02  SCV  
  18  1:14  SCV  
  19  1:26  Reaper, Orbital Command  
  20  1:40  Factory  
  20  1:44  Supply Depot  
  20  1:51  SCV  
  21  1:59  Barracks Reactor  
  21  2:03  SCV  
  22  2:13  Command Center  
  22  2:16  SCV  
  23  2:24  Widow Mine  
  23  2:28  SCV  
  26  2:33  Starport  
  26  2:37  Marine x2  
  26  2:40  SCV  
  28  2:45  Factory Tech Lab  
  27  2:52  SCV, Bunker  
  27  2:55  Marine  
  29  2:58  Marine  
  29  3:04  SCV  
  22  3:27  SCV  
  22  3:32  Orbital Command  
  21  3:34  Banshee  
  21  3:35  Cloaking Field  
  21  3:40  SCV  
  25  3:42  Factory Tech Lab  
  25  3:51  Marine  
  25  3:52  SCV  
  25  3:53  Marine  
  28  3:58  SCV  
  29  4:05  Siege Tank  
  29  4:07  SCV  
  33  4:10  SCV  
  33  4:16  Orbital Command  
  34  4:17  Banshee  
  34  4:20  SCV  
  38  4:25  Supply Depot  
  38  4:28  Marine x2  
  40  4:32  SCV  
  40  4:35  Barracks  
  41  4:42  SCV  
  41  4:44  SCV  
  41  4:45  Siege Tank  
  46  4:47  Marine  
  47  4:53  Marine  
  47  4:54  SCV  
  47  4:56  SCV  
  50  5:05  Banshee  
  50  5:06  SCV  
  54  5:11  Marine  
  54  5:23  SCV  
  54  5:24  SCV  
  54  5:25  Supply Depot  
  54  5:28  Marine  
  50  5:35  SCV  
  50  5:36  SCV, Marine  
  50  5:39  Marine  
  53  5:46  Siege Tank  
  53  5:47  SCV  
  53  5:48  Marine, SCV  
  59  5:54  Marine  
  60  5:59  Marine, SCV  
  60  6:01  Supply Depot  
  62  6:04  Banshee  
  62  6:06  Marine, SCV  
  67  6:12  SCV, Marine  
  67  6:17  Marine  
  70  6:22  SCV, Siege Tank  
  70  6:24  Marine, SCV  
  76  6:29  Supply Depot  
  76  6:30  Marine  
  77  6:34  SCV  
  77  6:39  Supply Depot  
  78  6:40  Marine  
  78  6:43  Marine  
  78  6:44  SCV  
  78  6:47  SCV  
  76  6:48  Marine  
  76  6:50  Banshee  
  80  6:58  Marine  
  81  7:01  Marine  
  81  7:02  Bunker  
  81  7:04  Siege Tank  
  81  7:05  Marine  
  81  7:08  SCV  
  87  7:10  SCV  
  88  7:15  Marine  
  88  7:19  Marine  
  88  7:20  SCV  
  88  7:22  SCV  
  86  7:23  Marine  
  80  7:32  SCV  
  80  7:33  Marine  
  80  7:34  SCV  
  80  7:36  Siege Tank  
  85  7:37  Marine  
  85  7:39  Bunker  
  85  7:41  Marine  
  87  7:44  SCV  
  87  7:46  SCV  
  84  7:51  Marine  
  85  7:56  SCV  
Show
View Real Time Build Order
Export as new Build Order

Zoun Protoss 

Build Orders: Blink Stalkers 

Get SALT Encoding   

  12  0:00  Probe  
  13  0:12  Probe  
  14  0:16  Pylon  
  14  0:24  Probe  
  15  0:32  Probe  
  15  0:36  Gateway  
  15  0:40  Probe  
  17  0:50  Pylon  
  17  0:51  Probe  
  18  0:57  Assimilator  
  18  1:03  Probe  
  19  1:09  Gateway  
  19  1:19  Gateway  
  19  1:29  Cybernetics Core  
  19  1:33  Probe  
  20  1:49  Probe  
  21  1:54  Stalker x2  
  25  2:08  Adept  
  25  2:09  Pylon  
  27  2:23  Adept x2  
  31  2:39  Warp Gate  
  32  2:50  Nexus  
  31  2:54  Probe  
  32  3:01  Assimilator  
  32  3:09  Probe  
  31  3:21  Probe  
  32  3:30  Probe, Twilight Council  
  33  3:38  Probe  
  33  3:45  Shield Battery  
  33  3:47  Probe  
  35  3:56  Blink  
  35  3:59  Probe  
  35  4:02  Probe  
  37  4:11  Probe  
  37  4:14  Probe  
  39  4:17  Robotics Facility  
  39  4:23  Probe  
  38  4:26  Probe  
  38  4:28  Stalker  
  38  4:30  Pylon  
  38  4:31  Stalker  
  43  4:35  Probe  
  44  4:39  Probe  
  44  4:40  Stalker  
  47  4:46  Gateway  
  47  4:48  Probe  
  47  4:52  Stalker  
  50  4:57  Probe  
  51  5:04  Observer  
  48  5:12  Nexus  
  45  5:26  Probe  
  43  5:31  Stalker  
  43  5:32  Probe  
  42  5:36  Probe  
  43  5:44  Probe x2  
  45  5:50  Stalker  
  45  5:53  Probe  
  47  5:59  Stalker  
  49  6:05  Pylon  
  49  6:07  Probe  
  49  6:10  Gateway  
  50  6:11  Gateway  
  50  6:13  Stalker  
  50  6:14  Probe  
  53  6:19  Probe  
  53  6:23  Observer  
  53  6:24  Probe  
  56  6:26  Probe  
  56  6:31  Probe  
  58  6:39  Probe x2  
  60  6:44  Probe  
  60  6:46  Pylon  
  59  6:48  Stalker, Zealot  
  59  6:52  Shield Battery  
  59  6:53  Shield Battery  
  63  7:04  Pylon  
  63  7:05  Stalker  
  65  7:12  Stalker, Zealot  
  65  7:14  Zealot  
  61  7:24  Probe  
  61  7:27  Probe  
  61  7:28  Stalker  
  61  7:29  Probe  
  56  7:34  Stalker x2  
  56  7:38  Zealot  
  56  7:41  Zealot x2  
  56  7:43  Probe  
  61  7:50  Probe x2  
  56  7:55  Probe  
Tags
 
Add a new tag
Caveats
  • Supply blocks, unpowered buildings, or Contaminate may cause inaccurate times.
  • Supply counts are checked every 10 seconds.